 Dungeon Crawl Stone Soup version 0.16.2-12-gd0ad4c3 (webtiles) character file.

123786 Peloso the Peltast (level 16, -3/146 HPs)
             Began as a Minotaur Fighter on Oct 3, 2015.
             Was the Champion of Okawaru.
             Killed from afar by a Hell Sentinel (43 damage)
             ... with a blast of hellfire
             ... summoned by a deep elf demonologist
             ... on level 3 of the Elven Halls.
             The game lasted 02:19:42 (30306 turns).

Peloso the Peltast (Minotaur Fighter)              Turns: 30306, Time: 02:19:42

Health: -3/146     AC: 39    Str: 35      XL:     16   Next: 37%
Magic:  0/0        EV: 13    Int: 10 (11) God:    Okawaru [******]
Gold:   3113       SH: 17    Dex: 18      Spells: 0 memorised, 15 levels left

rFire  . . .     SeeInvis +     a - +9 scimitar of the Illusory Ghosts {antimagic, MR+ Dex+3}
rCold  . . .     Clarity  +     E - +7 crystal plate armour of Xavioq {-Cast rPois Regen+ Int+6 Stlth-}
rNeg   . . .     SustAb   .     c - +0 shield
rPois  +         Gourm    .     r - +1 hat
rElec  .         Spirit   .     I - +2 cloak
rCorr  .         Warding  .     g - +1 pair of gloves of Greater Demons {Contam Regen+ Dex+2 Stlth+}
rMut   .         NoTele   +     p - +1 pair of boots
MR     +++..     NoCast   +     j - amulet of Leysmaf {Clar -Tele MP-9 Str+10 Stlth+}
Stlth  ..........               f - ring of protection from magic
                                F - ring of see invisible

@: drained, extremely resistant to hostile enchantments, extremely unstealthy
A: retaliatory headbutt, horns 2
a: Heroism, Finesse, Renounce Religion


You were on level 3 of the Elven Halls.
You worshipped Okawaru.
Okawaru was exalted by your worship.
You were near starving.

You visited 4 branches of the dungeon, and saw 26 of its levels.
You also visited: Sewer and Ice Cave.

You collected 3365 gold pieces.
You spent 252 gold pieces at shops.

Inventory:

Hand weapons
 a - the +9 scimitar of the Illusory Ghosts (weapon) {antimagic, MR+ Dex+3}
   (You bought it in a shop on level 4 of the Orcish Mines)

   It disrupts the flow of magical energy around spellcasters and certain
   magical creatures (including the wielder).
   It affects your dexterity (+3).
   It affects your resistance to hostile enchantments.
 l - a +0 falchion of flaming
 B - a +0 double sword
 T - the +1 scimitar of Ijeatat {holy, rF+}
   (Okawaru gifted it to you on level 4 of the Lair of Beasts)

   It has been blessed by the Shining One to cause great damage to the undead
   and demons.
   It protects you from fire.
 Y - the -1 arbalest "Kesmocw" {velocity, rElec MR++ Str+2 Int-5, unknown}
   (Okawaru gifted it to you on level 1 of the Elven Halls)

   Any bolt fired from it inflicts extra damage.
   It affects your strength (+2).
   It affects your intelligence (-5).
   It insulates you from electricity.
   It affects your resistance to hostile enchantments.
Armour
 c - a +0 shield (worn)
 g - the +1 pair of gloves of Greater Demons (worn) {Contam Regen+ Dex+2 Stlth+}
   (You acquired it on level 3 of the Elven Halls)

   It affects your dexterity (+2).
   It causes magical contamination when unequipped.
   It increases your rate of regeneration.
   It makes you more stealthy.
 p - a +1 pair of boots (worn)
 r - a +1 hat (worn)
 E - the +7 crystal plate armour of Xavioq (worn) {-Cast rPois Regen+ Int+6 Stlth-}
   (Okawaru gifted it to you on level 10 of the Dungeon)

   It affects your intelligence (+6).
   It protects you from poison.
   It prevents spellcasting.
   It increases your rate of regeneration.
   It makes you less stealthy.
 I - a +2 cloak (worn)
 J - the -5 pair of gloves "Ducrydob" {Regen+ Str+2}
   (You found it on level 1 of the Lair of Beasts)

   It affects your strength (+2).
   It increases your rate of regeneration.
Jewellery
 f - a ring of protection from magic (right hand)
 h - an uncursed ring of ice
 j - the amulet of Leysmaf (around neck) {Clar -Tele MP-9 Str+10 Stlth+}
   (You found it in an ice cave)

   [amulet of clarity]

   It provides mental clarity.
   It affects your strength (+10).
   It affects your magic capacity (-9).
   It prevents most forms of teleportation.
   It makes you more stealthy.
 k - an uncursed amulet of resist corrosion
 s - a +2 ring of dexterity
 F - a ring of see invisible (left hand)
 K - an uncursed ring of flight
 L - a +3 ring of strength
 N - an uncursed amulet of regeneration
 Q - an uncursed ring of fire
 R - an uncursed ring of protection from magic
 W - a +2 ring of protection
Magical devices
 q - a wand of teleportation (9)
 u - a wand of digging (12)
 O - a wand of heal wounds (2)
Scrolls
 e - 8 scrolls of recharging
 n - 8 scrolls of magic mapping
 v - 2 scrolls of enchant armour
 y - 3 scrolls of fear
 z - 7 scrolls of teleportation
 D - 6 scrolls of enchant weapon
 H - 3 scrolls of identify
 S - 5 scrolls of remove curse
Potions
 b - a potion of resistance
 i - 3 potions of haste
 m - 3 potions of invisibility
 o - a potion of magic
 A - 2 potions of flight
 C - 9 potions of curing
 G - 4 potions of agility
 P - 6 potions of restore abilities
Books
 t - a book of Clouds

   Spells                             Type                      Level
   a - Mephitic Cloud                 Conjuration/Poison/Air       3
   b - Conjure Flame                  Conjuration/Fire             3
   c - Poisonous Cloud                Conjuration/Poison/Air       6
   d - Freezing Cloud                 Conjuration/Ice/Air          6
   e - Ring of Flames                 Charms/Fire                  7
Comestibles
 d - 16 bread rations
 w - 8 meat rations
 M - 34 fruits
 U - a beef jerky
 Z - 3 chunks of flesh


   Skills:
 + Level 14.2(13.6) Fighting
 + Level 17.7(17.1) Long Blades
 + Level 14.6(14.0) Armour
 + Level 9.5(9.0) Dodging
 + Level 1.7(1.3) Stealth
 + Level 19.0(18.4) Shields
 + Level 2.1(1.7) Invocations


You had 15 spell levels left.
You didn't know any spells.

Dungeon Overview and Level Annotations

Branches:
Dungeon (11/15)            Temple (0/1) D:6            Lair (8/8) D:11
 Shoals (0/5) Lair:6       Spider (0/5) Lair:6        Slime (0/6) Lair:6
    Orc (4/4) D:10            Elf (3/3) Orc:4

Altars:
Fedhas
Gozag
Makhleb
Nemelex Xobeh
Okawaru
Sif Muna
Xom
The Shining One

Shops:
D:9 ((   D:10 !   Orc:4 **(}   Elf:2 !:   Elf:3 *

Portals:
Pandemonium: Orc:4


Innate Abilities, Weirdness & Mutations

You reflexively headbutt those who attack you in melee.
You have a pair of horns on your head.


Message History

You feel much better. The Hell Sentinel hits you!!
* * * LOW HITPOINT WARNING * * *
The Hell Sentinel hits you but does no damage.
You slice the Hell Sentinel like a ripe choko!!!
The Hell Sentinel's magic leaks into the air.
The Hell Sentinel is severely wounded.
The Hell Sentinel completely misses you.
You furiously retaliate!
You headbutt the Hell Sentinel. The Hell Sentinel barely misses you.
Unknown command.
You hit the Hell Sentinel but do no damage.
You headbutt the Hell Sentinel, but do no damage.
The Hell Sentinel is severely wounded.
Unknown command.
You hit the Hell Sentinel but do no damage.
You headbutt the Hell Sentinel, but do no damage.
The Hell Sentinel is severely wounded.
The Hell Sentinel gestures at you.
The hellfire explodes!
The blast of hellfire engulfs you!
You die...

#
#.........###....#....#***,*
#.#######..^'.........+,,,,,
#.# #...'.........+,,,,, #)#
#.###..........,,*** #)# #.#
##......###*,** #)# #.#
####++## *,,*
######)#######.# *,,* **,**
....)...∩...).4#######..#
*,,*
######.######411@.......#
**,, *### ##e########### *,,
**,** ##e22## **,** **,*
**,,,**##3..1.##**,,,** *,,*
**,,,,,*#...3...#*,,,,,**
*,*,
**,,,,,,,##.....##,,,,,,,**
*,*,
*,,,,*,,,,##...##,,,,*,,,,**
****
,,,,***,,,,##.##,,,,##*,,,,*
*,
*,,,,*,,,,##.(2##,,..#.,,,**
*,


You could see 2 Hell Sentinels, a deep elf demonologist and 2 sixfirhies.

Vanquished Creatures
  2 deep elf blademasters
  A deep elf master archer (Elf:3)
  Rupert (Lair:4)
  An Executioner (Elf:3)
  A deep elf sorcerer (Elf:3)
  5 deep elf demonologists (Elf:3)
  6 deep elf annihilators (Elf:3)
  Snorg (Lair:4)
  2 deep elf death magi (Elf:3)
  3 deep elf high priests
  An ice dragon (Lair:8)
  8 hydras
  16 dancing weapons (Elf:2)
  The ghost of CcS the Destroyer, an experienced DgFE (D:11)
  Urug (D:10)
  5 orc high priests
  9 deep elf knights
  A shadow demon (Elf:3)
  A gelid demonspawn (Orc:4)
  An ice devil (Orc:4)
  3 deep elf summoners
  2 unseen horrors (D:10)
  3 ice statues (IceCv)
  An infernal demonspawn (Orc:4)
  An orb spider (shapeshifter) (Elf:3)
  A lindwurm (Lair:8)
  4 orc knights (Orc:4)
  A hill giant (D:10)
  A wolf spider (Lair:8)
  A cyclops (Orc:2)
  9 orc sorcerers (Orc:4)
  7 deep elf conjurers
  3 hornets (Lair:8)
  An ugly thing (D:11)
  10 elephants
  A centaur zombie (D:10)
  A guardian serpent (Lair:8)
  2 rust devils (Orc:4)
  Maurice (D:8)
  An elephant (shapeshifter) (Elf:3)
  Joseph (Orc:4)
  10 black mambas
  10 spiny frogs
  A torpor snail (shapeshifter) (Elf:3)
  6 torpor snails (Lair:8)
  A gargoyle (D:10)
  9 komodo dragons
  4 fire drakes
  16 deep elf priests
  3 hellwings (Orc:4)
  A boulder beetle (Lair:8)
  3 giant leeches (Lair:8)
  19 blink frogs
  A snapping turtle (Lair:6)
  5 trolls
  2 basilisks
  17 deep elf magi
  2 ravens (Lair:4)
  A wraith (D:10)
  A tarantella (Lair:6)
  A ynoxinul (Elf:3)
  A spriggan (D:7)
  Eustachio (D:8)
  7 hippogriffs
  Grum (Orc:2)
  A steam dragon (Lair:5)
  27 yaks
  10 wolves
  5 wyverns
  14 deep elf fighters
  A neqoxec (Orc:4)
  5 wargs
  Edmund (D:5)
  A gelid demonspawn zombie (Orc:4)
  The ghost of RepoMan the Magician, an average OpWz (D:3)
  An infernal demonspawn zombie (Orc:4)
  23 water moccasins
  18 porcupines
  9 sky beasts
  The ghost of RepoMan the Grasshopper, an average VSWr (D:5)
  A necrophage (D:11)
  3 spiders
  9 wasps
  An eye of draining (D:11)
  14 ice beasts
  4 black bears
  6 ogres
  23 orc warriors
  A phantom (D:5)
  Sigmund (D:7)
  Duvessa (Orc:1)
  A boring beetle (Lair:7)
  14 crocodiles
  7 centaurs
  4 brain worms (Lair:8)
  20 giant frogs
  3 big kobolds
  2 wyvern zombies (D:10)
  A water moccasin zombie (D:9)
  4 scorpions
  A wyvern skeleton (D:9)
  17 killer bees
  32 orc priests
  2 crimson imps (D:9)
  Dowan (Orc:1)
  2 giant frog zombies (D:5)
  12 hounds
  3 wights (D:11)
  23 orc wizards
  A giant frog skeleton (D:7)
  3 jellies
  3 centaur skeletons
  2 hell rats (Elf:2)
  18 iguanas
  17 sheep
  16 worker ants
  Ijyb (D:6)
  A hound zombie (D:9)
  A hound skeleton (D:4)
  Terence (D:3)
  3 mummies
  32 adders
  65 river rats
  A shadow imp (D:11)
  7 giant mites
  12 white imps (Lair:3)
  23 worms
  An ufetubus (Elf:3)
  An adder zombie (D:10)
  2 adder skeletons
  8 giant geckos
  4 oozes (Sewer)
  164 orcs
  19 bats
  2 bat skeletons
  9 giant cockroaches
  13 hobgoblins
  12 jackals
  14 quokkas
  2 giant gecko zombies (D:5)
  7 giant newts
  17 goblins
  18 kobolds
  5 orc zombies (Orc:4)
  20 rats
  2 crawling corpses (Elf:1)
  8 fungi
1111 creatures vanquished.

Vanquished Creatures (others)
  A deep elf knight (Elf:2)
  A blink frog (Lair:3)
  A deep elf mage (Elf:3)
  A giant spore (D:7)
  9 fungi
  12 plants
25 creatures vanquished.

Grand Total: 1136 creatures vanquished

Notes
Turn   | Place    | Note
--------------------------------------------------------------
     0 | D:1      | Peloso, the Minotaur Fighter, began the quest for the Orb.
     0 | D:1      | Reached XP level 1. HP: 19/19 MP: 1/1
   438 | D:1      | Reached skill level 4 in Shields
   438 | D:1      | Reached XP level 2. HP: 27/27 MP: 1/1
   964 | D:2      | Found a sparkling altar of Nemelex Xobeh.
  1090 | D:2      | Reached XP level 3. HP: 30/33 MP: 2/2
  1248 | D:2      | Reached skill level 1 in Dodging
  1307 | D:2      | Reached XP level 4. HP: 40/40 MP: 2/2
  1430 | D:3      | Noticed Terence
  1440 | D:3      | Killed Terence
  1867 | D:3      | Noticed RepoMan's ghost (average OpWz)
  1943 | D:3      | Killed RepoMan's ghost
  1943 | D:3      | Reached skill level 5 in Armour
  1943 | D:3      | Reached XP level 5. HP: 11/47 MP: 2/2
  2187 | D:3      | Found a burning altar of Makhleb.
  2203 | D:3      | Found an iron altar of Okawaru.
  2225 | D:3      | Became a worshipper of Warmaster Okawaru
  2474 | D:4      | Reached XP level 6. HP: 49/53 MP: 3/3
  2631 | D:4      | Reached skill level 5 in Shields
  2910 | D:4      | Acquired Okawaru's first power
  2942 | D:5      | Entered Level 5 of the Dungeon
  2948 | D:5      | Reached skill level 6 in Armour
  2948 | D:5      | Reached XP level 7. HP: 55/60 MP: 3/3
  3081 | D:5      | Reached skill level 5 in Long Blades
  3104 | D:5      | Reached skill level 5 in Fighting
  3203 | D:5      | Noticed RepoMan's ghost (average VSWr)
  3214 | D:5      | Killed RepoMan's ghost
  3246 | D:5      | Found an opulent altar of Gozag.
  3318 | D:5      | Reached XP level 8. HP: 56/69 MP: 3/3
  3535 | D:5      | Reached skill level 5 in Dodging
  3578 | D:5      | Found a glowing drain.
  3585 | Sewer    | Entered a sewer
  4477 | D:6      | Noticed Edmund
  4491 | D:6      | Noticed Ijyb
  4510 | D:5      | Reached skill level 7 in Armour
  4518 | D:5      | HP: 3/70 [Edmund/flail of protection (9)]
  4523 | D:5      | Killed Edmund
  4825 | D:6      | Killed Ijyb
  4874 | D:6      | Found a blossoming altar of Fedhas.
  4879 | D:6      | Found a shimmering altar of Xom.
  4993 | D:6      | Found a glowing golden altar of the Shining One.
  5221 | D:6      | Reached XP level 9. HP: 75/77 MP: 4/4
  5497 | D:6      | Found a staircase to the Ecumenical Temple.
  5683 | D:7      | Noticed Sigmund
  5694 | D:7      | Killed Sigmund
  5868 | D:7      | Reached skill level 8 in Shields
  6662 | D:8      | Noticed Maurice
  6676 | D:8      | Killed Maurice
  6676 | D:8      | Reached skill level 1 in Invocations
  6769 | D:8      | Noticed Eustachio
  6800 | D:8      | Killed Eustachio
  6931 | D:8      | Reached skill level 9 in Shields
  8049 | D:9      | Reached XP level 10. HP: 86/86 MP: 5/5
  8181 | D:9      | Found Pnannoq's Antique Weapon Shoppe.
  8219 | D:9      | Acquired Okawaru's second power
  8224 | D:9      | Reached skill level 1 in Stealth
  8235 | D:9      | Found Twofieze's Weapon Shop.
  8340 | D:9      | You fall through a shaft for 2 floors!
  8344 | D:10     | Entered Level 10 of the Dungeon
  8456 | D:10     | Noticed a hill giant
  8905 | D:10     | Killed a hill giant
  8905 | D:10     | Reached skill level 10 in Shields
  8966 | D:10     | Received a gift from Okawaru
  8970 | D:10     | Got an ancient crystal plate armour {god gift}
  9067 | D:10     | Identified the +7 crystal plate armour of Xavioq {-Cast rPois Regen+ Int+6 Stlth-} (Okawaru gifted it to you on level 10 of the Dungeon)
  9654 | D:9      | Got a translucent long sword
  9655 | D:9      | Identified the cursed -1 long sword of Distraction {drain, +Blink +Rage} (You found it on level 9 of the Dungeon)
 10147 | D:10     | Noticed Urug
 10180 | D:10     | Killed an unseen horror
 10180 | D:10     | Reached XP level 11. HP: 68/94 MP: 6/6
 10192 | D:10     | Killed Urug
 10383 | D:10     | Reached skill level 11 in Shields
 10417 | D:10     | Found Loecugiz's Distillery.
 10494 | D:10     | Reached skill level 10 in Armour
 10548 | D:10     | Reached skill level 10 in Long Blades
 10700 | D:10     | Killed an unseen horror
 10934 | D:10     | Found a staircase to the Orcish Mines.
 10944 | Orc:1    | Entered Level 1 of the Orcish Mines
 10944 | Orc:1    | Noticed Dowan
 10947 | Orc:1    | Noticed Duvessa
 10954 | Orc:1    | Killed Dowan
 10960 | Orc:1    | Killed Duvessa
 11276 | D:11     | Noticed a purple ugly thing
 11296 | D:11     | Killed a purple ugly thing
 11302 | D:11     | Noticed CcS's ghost (experienced DgFE)
 11329 | D:11     | Killed CcS's ghost
 11494 | D:11     | Received a gift from Okawaru
 11536 | D:11     | Found a staircase to the Lair.
 11581 | D:11     | Reached skill level 12 in Shields
 12526 | Lair:1   | Entered Level 1 of the Lair of Beasts
 13056 | Lair:1   | Reached XP level 12. HP: 98/103 MP: 8/8
 13060 | Lair:1   | Got a pair of ancient gloves
 13073 | Lair:1   | Identified the cursed -5 pair of gloves "Ducrydob" {Regen+ Str+2} (You found it on level 1 of the Lair of Beasts)
 13358 | Lair:2   | Noticed a seven-headed hydra
 13385 | Lair:2   | Killed a four-headed hydra
 13526 | Lair:2   | Reached skill level 13 in Shields
 13789 | Lair:2   | Noticed a six-headed hydra
 13822 | Lair:2   | Killed a one-headed hydra
 14270 | Lair:3   | Found a frozen archway.
 14286 | IceCv    | Entered an ice cave
 14677 | IceCv    | Reached skill level 14 in Shields
 14738 | IceCv    | Got a glittering zirconium amulet
 14740 | IceCv    | Identified the amulet of Leysmaf {Clar -Tele MP-9 Str+10 Stlth+} (You found it in an ice cave)
 15063 | Lair:3   | Received a gift from Okawaru
 16141 | Orc:2    | Found a deep blue altar of Sif Muna.
 16404 | Orc:2    | Identified Sif Muna's Handbook of Summoning
 16625 | Orc:3    | Reached XP level 13. HP: 87/113 MP: 0/9
 17093 | Orc:4    | Entered Level 4 of the Orcish Mines
 17094 | Orc:4    | Found a staircase to the Elven Halls.
 17114 | Orc:4    | Reached skill level 10 in Fighting
 17114 | Orc:4    | Reached skill level 15 in Shields
 17450 | Orc:4    | Noticed Joseph
 17467 | Orc:4    | Killed Joseph
 17467 | Orc:4    | Received a gift from Okawaru
 17822 | Orc:4    | Found Throoluo's General Store.
 17862 | Orc:4    | Found Riot's General Store.
 18209 | Orc:4    | HP: 3/114 [orc sorcerer/dagger of protection (6)]
 19090 | Orc:4    | Received a gift from Okawaru
 19566 | Orc:4    | Found Podghauk's Gadget Shoppe.
 19566 | Orc:4    | Found a one-way gate leading to the halls of Pandemonium.
 19566 | Orc:4    | Found Tuidy's Antique Weapon Emporium.
 19570 | Orc:4    | Bought an ichor-stained scimitar for 252 gold pieces
 19570 | Orc:4    | Identified the +9 scimitar of the Illusory Ghosts {antimagic, MR+ Dex+3} (You bought it in a shop on level 4 of the Orcish Mines)
 19766 | Orc:2    | Found a burning altar of Makhleb.
 20059 | Orc:1    | Noticed Grum
 20098 | Orc:2    | Killed Grum
 20224 | Orc:1    | Reached skill level 16 in Shields
 20691 | Lair:4   | Received a gift from Okawaru
 20964 | Lair:4   | Noticed Rupert
 20995 | Lair:4   | Killed Rupert
 20995 | Lair:4   | Reached XP level 14. HP: 13/124 MP: 0/9
 21178 | Lair:4   | Received a gift from Okawaru
 21183 | Lair:4   | Got a brightly glowing scimitar {god gift}
 21184 | Lair:4   | Identified the +1 scimitar of Ijeatat {holy, rF+} (Okawaru gifted it to you on level 4 of the Lair of Beasts)
 21496 | Lair:4   | Noticed Snorg
 21502 | Lair:4   | Killed Snorg
 23142 | Lair:6   | Found a staircase to the Slime Pits.
 23161 | Lair:6   | Found a staircase to the Shoals.
 23984 | Lair:6   | Found a hole to the Spider Nest.
 24361 | Lair:7   | Received a gift from Okawaru
 24559 | Lair:7   | Reached skill level 17 in Shields
 25301 | Lair:8   | Entered Level 8 of the Lair of Beasts
 25548 | Lair:8   | Reached skill level 15 in Long Blades
 26244 | Lair:8   | Found a runed door.
 26381 | Lair:8   | Reached XP level 15. HP: 116/134 MP: 0/10
 26407 | Lair:8   | Identified the Guide on Shifting Arcane Weapons
 26984 | Elf:1    | Entered Level 1 of the Elven Halls
 27716 | Elf:1    | Received a gift from Okawaru
 27721 | Elf:1    | Got a translucent arbalest {god gift}
 28022 | Elf:2    | Found a runed gate.
 28022 | Elf:2    | Found a runed gate.
 28023 | Elf:2    | Found a runed gate.
 28347 | Elf:2    | Reached skill level 18 in Shields
 28389 | Elf:2    | Found Ymoutaokh's Book Boutique.
 28605 | Elf:2    | Found Cobecvae's Distillery.
 28970 | Elf:2    | Received a gift from Okawaru
 29199 | Elf:2    | Noticed a deep elf blademaster
 29217 | Elf:2    | Killed a deep elf blademaster
 29567 | Elf:3    | Entered Level 3 of the Elven Halls
 29600 | Elf:3    | Found Nack's Assorted Antiques.
 29642 | Elf:3    | Noticed a deep elf blademaster
 29643 | Elf:3    | Noticed an Executioner
 29655 | Elf:3    | Killed an Executioner
 29681 | Elf:3    | Killed a deep elf blademaster
 29711 | Elf:3    | Reached XP level 16. HP: 64/145 MP: 0/11
 29998 | Elf:3    | Identified a scroll of acquirement
 30001 | Elf:3    | Got a pair of faintly humming gloves
 30012 | Elf:3    | Identified the +1 pair of gloves of Greater Demons {Contam Regen+ Dex+2 Stlth+} (You acquired it on level 3 of the Elven Halls)
 30087 | Elf:3    | Received a gift from Okawaru
 30090 | Elf:3    | Got a colourful robe {god gift}
 30103 | Elf:3    | Identified the -3 robe of the Buccaneer {Regen+ Str+5} (Okawaru gifted it to you on level 3 of the Elven Halls)
 30219 | Elf:3    | Noticed a deep elf master archer
 30244 | Elf:3    | Reached skill level 19 in Shields
 30277 | Elf:3    | Killed a deep elf master archer
 30278 | Elf:3    | Noticed a Hell Sentinel
 30302 | Elf:3    | Noticed a Hell Sentinel
 30306 | Elf:3    | Killed from afar by a Hell Sentinel

Action                   |  1- 3 |  4- 6 |  7- 9 | 10-12 | 13-15 | 16-18 || total
-------------------------+-------+-------+-------+-------+-------+-------++-------
Melee: Long sword        |    87 |   189 |   316 |   190 |   495 |       ||  1277
       Falchion          |       |       |   188 |  1259 |    18 |       ||  1465
       Scimitar          |       |       |       |       |  1195 |   159 ||  1354
Invok: Heroism           |       |       |     2 |     8 |       |       ||    10
Evoke: Wand              |       |       |     1 |     3 |       |       ||     4
  Use: Scroll            |       |     1 |    18 |    10 |    13 |     1 ||    43
       Potion            |       |       |     4 |       |     4 |     3 ||    11
 Stab: Distracted        |       |       |       |       |     2 |       ||     2
  Eat: Chunk             |       |     5 |    12 |    22 |    35 |     1 ||    75
       Pizza             |       |       |     1 |     1 |     2 |       ||     4
       Beef jerky        |       |       |     1 |     2 |     1 |       ||     4
       Bread ration      |       |       |     1 |       |       |       ||     1
       Fruit             |       |       |       |     1 |     4 |       ||     5
       Royal jelly       |       |       |       |     1 |       |       ||     1
